 Dungeon Crawl Stone Soup version 0.19-a0-722-g27ac516 (webtiles) character file.

3915 Justinthyme the Destroyer (level 10, -3/66 HPs)
             Began as a High Elf Conjurer on June 21, 2016.
             Was a Follower of Vehumet.
             Slain by a two-headed hydra (17 damage)
             ... on level 8 of the Dungeon.
             The game lasted 00:30:45 (11792 turns).

Justinthyme the Destroyer (High Elf Conjurer)      Turns: 11792, Time: 00:30:45

Health: -3/66      AC:  5    Str:  7    XL:     10   Next: 1%
Magic:  12/17      EV: 17    Int: 21    God:    Vehumet [*.....]
Gold:   254        SH:  0    Dex: 18    Spells: 4 memorised, 5 levels left

rFire  . . .     SeeInvis .     u - staff of cold
rCold  + . .     Gourm    .     a - +0 robe
rNeg   + . .     Faith    +     (no shield)
rPois  .         Spirit   .     (no helmet)
rElec  .         Dismiss  .     x - +1 cloak {+Inv}
rCorr  .         Reflect  .     s - +0 pair of gloves
SustAt +         Harm     .     (no boots)
MR     +....                    O - amulet of faith
Stlth  ++........               P - ring of sustain attributes
                                f - ring of positive energy

@: somewhat resistant to hostile enchantments, unstealthy
A: no striking features
a: Renounce Religion, Evoke Invisibility


You were on level 8 of the Dungeon.
You worshipped Vehumet.
Vehumet was aware of your devotion.
You were very full.

You visited 2 branches of the dungeon, and saw 9 of its levels.

You collected 254 gold pieces.

Inventory:

Hand Weapons
 y - a +5 quarterstaff of chaos
 C - a +3 antimagic dagger
 G - a +2 halberd of flaming
 H - a cursed +1 great sword
Armour
 a - a +0 robe (worn)
 s - a +0 pair of gloves (worn)
 x - a +1 cloak of invisibility (worn)
Magical Staves
 u - an uncursed staff of cold (weapon)
Jewellery
 f - a ring of positive energy (left hand)
 q - an uncursed amulet of the gourmand
 r - an uncursed amulet of harm
 O - an amulet of faith (around neck)
 P - a ring of sustain attributes (right hand)
 Q - an uncursed amulet of guardian spirit
Wands
 v - a wand of teleportation (2/9)
 D - a wand of lightning (7/15)
 I - a wand of enslavement (20/24)
 J - a wand of lightning (11/15)
 L - a wand of iceblast (5/15)
Scrolls
 e - 2 scrolls of fog
 g - 3 scrolls of recharging
 h - a scroll of teleportation
 i - a scroll of magic mapping
 l - 2 scrolls of enchant armour
 o - 2 scrolls of remove curse
 F - 4 scrolls of identify
 K - a scroll of immolation {unknown}
 S - a scroll of enchant weapon
Potions
 d - 2 potions of brilliance {unknown}
 k - 2 potions of agility
 m - a potion of lignification {unknown}
 n - a potion of haste {unknown}
 p - a potion of flight
 t - a potion of magic {unknown}
 w - a potion of mutation {unknown}
 z - a potion of might {unknown}
 B - a potion of curing
 E - a potion of heal wounds
 M - a potion of ambrosia {unknown}
Books
 b - a book of Conjurations

   Spells                             Type                      Level
   a - Magic Dart                     Conjuration                  1
   b - Searing Ray                    Conjuration                  2
   c - Dazzling Spray                 Conjuration/Hexes            3
   d - Fulminant Prism                Conjuration/Hexes            4
   e - Iskenderun's Mystic Blast      Conjuration                  4
   f - Iskenderun's Battlesphere      Conjuration/Charms           5
 R - a book of Battle

   Spells                             Type                      Level
   a - Infusion                       Charms                       1
   b - Shroud of Golubria             Charms/Translocation         2
   c - Song of Slaying                Charms                       2
   d - Spectral Weapon                Hexes/Charms                 3
   e - Regeneration                   Charms/Necromancy            3
Comestibles
 c - 7 bread rations
 j - a meat ration
 A - 19 fruits
 N - 7 slices of pizza
 T - 6 chunks of flesh


   Skills:
 + Level 5.1 Fighting
 + Level 6.8 Dodging
 - Level 2.1 Stealth
 - Level 4.2 Spellcasting
 * Level 10.5 Conjurations
 * Level 6.2 Charms
 + Level 5.1 Evocations


You had 5 spell levels left.
You knew the following spells:

 Your Spells              Type           Power        Failure   Level  Hunger
a - Magic Dart            Conj           ####         1%          1    None
b - Searing Ray           Conj           #####.       1%          2    #......
c - Iskenderun's Mystic   Conj           #####...     1%          4    ####...
d - Iskenderun's Battles  Conj/Chrm      #####...     14%         5    ######.


Dungeon Overview and Level Annotations

Branches:
Dungeon (8/15)             Temple (1/1) D:6
   Lair: D:8-11

Altars:
Ashenzari
Dithmenos
Elyvilon
Fedhas
Gozag
Kikubaaqudgha
Makhleb
Nemelex Xobeh
Pakellas
Qazlal
Ru
Trog
Vehumet
Yredelemnul

Shops:
D:4 :

Annotations:
D:5 Grinder


Message History

Casting: Searing Ray
Confirm with . or Enter, or press ? or * to list all spells.
Aiming: Searing Ray
Press: ? - help, Shift-Dir - straight line, f - big kobold
Aim: a big kobold, wielding a dagger The searing ray hits the two-headed hydra.
The two-headed hydra is lightly wounded.
The searing ray hits the two-headed hydra.
The two-headed hydra is lightly wounded.
The two-headed hydra bites you! x2
The searing ray hits the two-headed hydra.
The two-headed hydra is heavily wounded.
The two-headed hydra misses you. The two-headed hydra bites you!
The big kobold closely misses you.
The searing ray hits the two-headed hydra.
The two-headed hydra is severely wounded.
You finish channeling your searing ray.
The two-headed hydra bites you!
* * * LOW HITPOINT WARNING * * *
The two-headed hydra bites you!
You die...

##### #.># ######### .# ...
...###.......# .##..
..##.#.......# ....
###..#.......# ##########...
.....#.......# #..#.....#..
.....'.......# #..'....≈#.# #####
.....#.......# #..'.P...#.# ....#
###..#.......# #@.'....≈.+##....#
..##.#.......# #DK#.....#..#....#
...#.#.......###'##P≈P.≈#..'....#
#.>#.#.........#%.#≈≈≈≈P#..######
####.#.........#.)+.P≈≈≈#...)....
.....####'###############........
..........÷...#######............
.........).........)÷............
.....................######......


You could see a two-headed hydra and a big kobold.

Vanquished Creatures
  2 yaks (D:8)
  The ghost of silvernem the Caller, an amateur DESu (D:4)
  2 ice beasts
  2 phantoms
  A black bear (D:4)
  4 ogres
  A centaur (D:7)
  11 big kobolds
  3 giant frogs (D:8)
  A gnoll sergeant (D:7)
  3 scorpions
  5 wights (D:8)
  A howler monkey (D:4)
  3 crimson imps
  2 giant frog zombies (D:6)
  A hound (D:8)
  Crazy Yiuf (D:2)
  A centaur skeleton (D:5)
  5 orc wizards
  Terence (D:2)
  Jessica (D:2)
  Ijyb (D:2)
  3 iguanas
  9 worker ants
  2 sheep (D:8)
  2 hound skeletons
  2 worker ant zombies
  15 gnolls
  13 adders
  A howler monkey skeleton (D:8)
  A shadow imp (D:8)
  An adder skeleton (D:5)
  2 adder zombies (D:7)
  3 worms (D:4)
  A dart slug (D:2)
  5 giant geckos
  26 orcs
  7 bats
  6 giant cockroaches
  13 goblins
  6 hobgoblins
  14 jackals
  2 quokkas
  3 ball pythons
  5 giant newts
  10 kobolds
  6 rats
  A spectral orc (D:4)
212 creatures vanquished.

Vanquished Creatures (others)
  2 plants (D:8)
2 creatures vanquished.

Grand Total: 214 creatures vanquished

Notes
Turn   | Place    | Note
--------------------------------------------------------------
     0 | D:1      | Justinthyme the High Elf Conjurer began the quest for the Orb.
     0 | D:1      | Reached XP level 1. HP: 11/11 MP: 4/4
   148 | D:1      | You fall through a shaft!
   156 | D:2      | Reached XP level 2. HP: 17/17 MP: 2/7
   457 | D:2      | Found a blossoming altar of Fedhas.
   529 | D:2      | Reached XP level 3. HP: 20/21 MP: 0/9
   530 | D:2      | Noticed Terence
   697 | D:4      | Noticed silvernem's ghost (amateur DESu)
   894 | D:2      | Learned a level 2 spell: Searing Ray
  1082 | D:4      | Reached XP level 4. HP: 23/27 MP: 1/11
  1484 | D:4      | Reached skill level 5 in Conjurations
  1644 | D:5      | Entered Level 5 of the Dungeon
  1909 | D:4      | Reached XP level 5. HP: 29/31 MP: 8/12
  2700 | D:2      | Killed Terence
  2888 | D:2      | Noticed Ijyb
  2894 | D:2      | Killed Ijyb
  2894 | D:2      | Reached skill level 6 in Conjurations
  3175 | D:2      | Found a shattered altar of Ashenzari.
  3265 | D:2      | Noticed Jessica
  3267 | D:2      | Killed Jessica
  3486 | D:2      | Noticed Crazy Yiuf
  3508 | D:2      | Killed Crazy Yiuf
  3508 | D:2      | Reached XP level 6. HP: 36/36 MP: 6/13
  3878 | D:3      | Found a white marble altar of Elyvilon.
  4256 | D:4      | Found Kadwel's Book Emporium.
  4322 | D:4      | Killed silvernem's ghost
  4322 | D:4      | Reached skill level 1 in Fighting
  4322 | D:4      | Reached skill level 1 in Evocations
  4425 | D:4      | Found a shadowy altar of Dithmenos.
  4435 | D:4      | Reached skill level 7 in Conjurations
  4435 | D:4      | Reached XP level 7. HP: 44/44 MP: 8/14
  4730 | D:4      | Learned a level 4 spell: Iskenderun's Mystic Blast
  5201 | D:4      | Found a basalt altar of Yredelemnul.
  5354 | D:4      | Reached skill level 5 in Dodging
  5468 | D:4      | Found a burning altar of Makhleb.
  5468 | D:4      | Noticed an Executioner
  5905 | D:5      | Reached skill level 8 in Conjurations
  5905 | D:5      | Reached XP level 8. HP: 33/52 MP: 8/15
  6559 | D:5      | Noticed Grinder
  6808 | D:6      | Found an ancient bone altar of Kikubaaqudgha.
  6945 | D:5      | Learned a level 5 spell: Iskenderun's Battlesphere
  6969 | D:6      | Found a sparkling altar of Nemelex Xobeh.
  7013 | D:6      | Reached skill level 1 in Charms
  7681 | D:7      | Found an opulent altar of Gozag.
  7690 | D:7      | Found a bloodstained altar of Trog.
  7976 | D:7      | Reached skill level 9 in Conjurations
  8124 | D:6      | Found a staircase to the Ecumenical Temple.
  8128 | Temple   | Entered the Ecumenical Temple
  8139 | Temple   | Became a worshipper of Vehumet
  8330 | D:6      | Noticed a red ugly thing
  8841 | D:6      | Reached XP level 9. HP: 43/58 MP: 3/16
  9643 | D:7      | Reached * piety under Vehumet
  9643 | D:7      | Offered knowledge of Shock by Vehumet.
  9865 | D:8      | Found an oddly glowing altar of Pakellas.
 10216 | D:8      | Reached skill level 5 in Charms
 10233 | D:8      | Reached skill level 10 in Conjurations
 11006 | D:8      | Reached skill level 5 in Evocations
 11288 | D:8      | Found a sacrificial altar of Ru.
 11456 | D:8      | Reached skill level 5 in Fighting
 11605 | D:8      | Offered knowledge of Throw Flame by Vehumet.
 11605 | D:8      | Reached XP level 10. HP: 33/66 MP: 8/17
 11787 | D:8      | Noticed a two-headed hydra
 11792 | D:8      | Slain by a two-headed hydra

Vault maps used:
D:1:      co_arrival_two_rings, item_on_display_a
D:2:      kennysheep_goblin_castle, lemuel_crystal_altar,
          overflow_temple_1_default, uniq_jessica, uniq_crazy_yiuf_cottage,
          uniq_terence
D:3:      old_standard_altar, first_bread
D:4:      nicolae_dithmenos_through_a_glass_darkly,
          yredelemnul_forgotten_temple_becter, serial_shops, shop_fountains,
          minmay_fountain_box, makhleb_altar_promises_db
D:5:      kennysheep_generic_room_11, uniq_prince_ribbit1, uniq_grinder
D:6:      kennysheep_windowed_halls, nemelex_altar_shiori,
          overflow_temple_1_default, kennysheep_cross_bottleneck
D:7:      amethyst_overflow_temple_binary
D:8:      grunt_pakellas_sulfur, lemuel_coloured_pillars_altar, special_room,
          grunt_ministairs_6, hangedman_ranch
Temple:   chequers_temple_sunken

Skill      XL: |  1  2  3  4  5  6  7  8  9 |
---------------+----------------------------+-----
Spellcasting   | 3 4 |  4.2
Conjurations   | 5 6 7 8 9 10 | 10.5
Dodging        | 3 4 5 6 |  6.8
Fighting       | 1 3 4 5 |  5.1
Evocations     | 1 2 3 5 |  5.1
Charms         | 3 6 |  6.2
Stealth        | |  2.1

Action                   |  1- 3 |  4- 6 |  7- 9 | 10-12 || total
-------------------------+-------+-------+-------+-------++-------
Melee: Staff             |       |       |    37 |       ||    37
       Quarterstaff      |       |       |     9 |       ||     9
 Cast: Magic Dart        |    55 |   125 |   344 |       ||   524
       Searing Ray       |     1 |    10 |    47 |     2 ||    60
       Iskenderun's Myst |       |       |     7 |       ||     7
       Iskenderun's Batt |       |       |     1 |       ||     1
  Use: Scroll            |       |       |    14 |       ||    14
       Potion            |       |       |     1 |       ||     1
  Eat: Chunk             |       |    18 |    23 |       ||    41
       Meat ration       |       |     1 |       |       ||     1
Armor: Robe              |       |     2 |    42 |       ||    44
Dodge: Dodged            |     4 |    35 |   220 |     3 ||   262
